 Dungeon Crawl Stone Soup version 0.30-a0-782-ge64f9170bb (webtiles) character file.

Game seed: 16036645270090182260

620 Lavandula the Carver (level 7, -1/52 HPs)
             Began as a Human Monk on Feb 20, 2023.
             Slain by a gnoll
             ... wielding a +0 spear
             ... led by a gnoll bouda
              (7 damage)
             ... on level 5 of the Dungeon.
             The game lasted 00:04:59 (3577 turns).

Lavandula the Carver (Human Monk)                   Turns: 3577, Time: 00:04:59

Health: -1/52      AC: 10    Str: 13    XL:     7   Next: 75%
Magic:  7/7        EV: 10    Int: 11    God:
Gold:   137        SH:  0    Dex: 15    Spells: 6/6 levels left

rFire   . . .      SeeInvis .    a - +0 falchion
rCold   . . .      Faith    .    t - orb {light}
rNeg    . . .      Spirit   .    v - +0 scale mail
rPois   .          Reflect  .    (no helmet)
rElec   .          Harm     .    n - +2 cloak {Will+}
rCorr   .          Rampage  .    j - +0 pair of gloves
Will    +....                    (no boots) Stlth
                                 (no amulet)
HPRegen 0.28/turn                (no ring)
MPRegen 0.10/turn                (no ring)

@: confused, ambrosia-drunk, glowing
A: no striking features
a: no special abilities


You were on level 5 of the Dungeon.
You visited 1 branch of the dungeon, and saw 5 of its levels.

You collected 137 gold pieces.

Inventory:

Hand Weapons
 a - a +0 falchion (weapon)
Missiles
 m - 4 poisoned darts (quivered)
Armour
 b - a +0 robe
 j - a +0 pair of gloves (worn)
 n - a +2 cloak of willpower (worn)
 o - a +0 leather armour
 s - a +0 ring mail
 t - an orb of light (worn)
 v - a +0 scale mail (worn)
Jewellery
 h - a ring of ice
Wands
 p - a wand of charming (4)
Scrolls
 d - 5 scrolls of identify {unknown}
 e - 2 scrolls of vulnerability {unknown}
 f - a scroll of amnesia {unknown}
 k - 8 scrolls of teleportation {unknown}
 q - a scroll of blinking {unknown}
 u - a scroll of enchant armour {unknown}
 w - a scroll of poison {unknown}
Potions
 g - 2 potions of attraction {unknown}
 i - a potion of flight {unknown}
 l - a potion of haste {unknown}
 r - a potion of degeneration {unknown}
 x - a potion of lignification {unknown}
 z - 2 potions of heal wounds {unknown}


   Skills:
 - Level 3.0 Fighting
 + Level 8.4 Long Blades
 - Level 3.0 Dodging
 - Level 2.0 Stealth


You had 6 spell levels left.
You didn't know any spells.
Your spell library contained the following spells:

 Spells                   Type           Power      Damage    Failure   Level
 Kindle Blastsparks       Fire/Tloc/Air  0%         2d10      99%         3
 Fulminant Prism          Conj/Hex       0%         3d5       100%        4
 Iskenderun's Mystic Bla  Conj/Tloc      0%         2d3       100%        4
 Lee's Rapid Deconstruct  Erth           0%         3d4*      100%        5


Dungeon Overview and Level Annotations

Branches:
Dungeon (5/15)
 Temple: D:4-7

Altars:
Hepliaklqana
Sif Muna
Zin

Annotations:
D:4 Dowan, Duvessa


Message History

* * * LOW HITPOINT WARNING * * *
The scorpion moves out of view.
The gnoll is no longer moving quickly.
The gnoll bouda barks out a call to the hunt!
The gnolls pick up the pace!
The gnoll hits you but does no damage. The gnoll attacks as you move away!
The gnoll hits you but does no damage.
Your attacks no longer feel as feeble.
The gnoll hits you with a +0 flail.
* * * LOW HITPOINT WARNING * * *
Aiming: Charm
Press: ? - help, Shift-Dir - straight line, f - scorpion
Aim: a scorpion (haloed, chance to affect: 49%)
The scorpion is charmed.
The gnoll hits you from afar with a +0 spear.
* * * LOW HITPOINT WARNING * * *
The gnoll hits you but does no damage.
You swap places.
The gnoll barely misses your scorpion.
An orc wizard comes into view. It is wielding a +0 dagger.
The orc wizard shouts!
You hear an angry hiss.
The gnoll closely misses you. Something closely misses your scorpion.
Items here: )))) [[ †††.
What are your orders? t - Shout!
Orders for allies: a - Attack new target. p - Attack previous target. r - Retreat! s - Stop attacking. g - Guard the area. f - Follow me.
Anything else - Cancel.
Gang up on whom?
Press: ? - help, Dir - move target, f - gnoll, p - scorpion
Aim: a gnoll, wielding a +0 spear (covering ground quickly, haloed) Attack!
Your scorpion stings the gnoll!
The gnoll hits you from afar with a +0 spear.
* * * LOW HITPOINT WARNING * * *
The gnoll barely misses your scorpion.
Your scorpion closely misses the gnoll.
You are confused.
You feel invigorated.
The gnoll hits you from afar with a +0 spear!
You die...

...#..........#
...#..........#
.......##Yg.### ###
...#........## ##.###
...##..##..#.###....#
...##..##..#..##....##
..###..#....g..##....#
..# ..###..#..g##...##


Yg. #. #.##.Ygs@[.## ...# #.###..o...## #..# .. ##.###..# ... . ##..#...# ..
#.......# .....###.## ##.#####..# #....##..## . #......# You could see a yak, an
orc wizard, 3 gnolls and a friendly scorpion (charmed).

Vanquished Creatures
  Sigmund (D:3)
  An ice beast (D:5)
  A necrophage (D:3)
  A scorpion (D:4)
  An iguana (D:4)
  An orc priest (D:5)
  An orc wizard (D:3)
  A gnoll (D:5)
  4 adders
  2 dart slugs
  2 worms (D:2)
  8 orcs
  7 ball pythons
  6 bats
  8 endoplasms
  9 giant cockroaches
  6 goblins
  5 hobgoblins
  6 jackals
  6 quokkas
  5 frilled lizards
  4 kobolds
  7 rats
93 creatures vanquished.

Vanquished Creatures (collateral kills)
  A gnoll (D:5)
1 creature vanquished.

Vanquished Creatures (others)
  A yak (D:5)
  6 plants (D:5)
7 creatures vanquished.

Grand Total: 101 creatures vanquished

Notes
Turn   | Place    | Note
-------+----------+-------------------------------------------
     0 | D:1      | Lavandula the Human Monk began the quest for the Orb.
     0 | D:1      | Reached XP level 1. HP: 18/18 MP: 1/1
   322 | D:1      | Reached XP level 2. HP: 22/24 MP: 2/2
   678 | D:1      | Reached skill level 4 in Long Blades
   678 | D:1      | Reached XP level 3. HP: 15/29 MP: 3/3
  1531 | D:2      | Reached XP level 4. HP: 29/35 MP: 4/4
  1620 | D:2      | Reached skill level 5 in Long Blades
  1929 | D:3      | Noticed Sigmund
  1944 | D:3      | Killed Sigmund
  1945 | D:3      | Reached skill level 6 in Long Blades
  1945 | D:3      | Reached XP level 5. HP: 20/41 MP: 5/5
  1945 | D:3      | Reached XP level 6. HP: 23/47 MP: 6/6
  2231 | D:3      | Found a faded altar of an unknown god.
  2340 | D:3      | Found a glowing silver altar of Zin.
  2341 | D:3      | Found a shimmering blue altar of Sif Muna.
  2674 | D:4      | Reached skill level 7 in Long Blades
  2782 | D:4      | Reached XP level 7. HP: 46/52 MP: 7/7
  2869 | D:4      | Noticed Dowan
  2871 | D:4      | Noticed Duvessa
  3292 | D:5      | Entered Level 5 of the Dungeon
  3315 | D:5      | Reached skill level 8 in Long Blades
  3517 | D:5      | Found a hazy altar of Hepliaklqana.
  3523 | D:5      | Noticed a yak
  3525 | D:5      | Noticed a yak
  3534 | D:5      | Noticed a yak
  3576 | D:5      | HP: 2/52 [gnoll/+0 spear[a gnoll bouda] (4)]
  3577 | D:5      | Slain by a gnoll

Illustrated notes

Levels and vault maps discovered:
D:1:      dpeg_arrival_snail, layout_loops_corners, minmay_distorted
D:2:      layout_basic, grunt_decor_fettered, minmay_vboxes
D:3:      layout_loops_cross, gammafunk_temple_overflow_pools,
          basic_ecumenical_altar, uniq_sigmund
D:4:      layout_cave_pools, uniq_duvessa
D:5:      layout_cave_pools, nicolae_overflow_crystal_walls,
          nicolae_hepliaklqana_hazy_memory, serial_gnoll_camp,
          gnoll_camp_mini_basic, gnoll_camp_mini_hut, gnoll_camp_mini_hut,
          gnoll_camp_mini_shop, grunt_ministairs_8

Skill      XL: |  1  2  3  4  5  6  7 |
---------------+----------------------+-----
Long Blades    | 4 6 7 8 |  8.4
Fighting       | |  3.0
Dodging        | |  3.0
Stealth        | |  2.0

Action                     |  1- 3 |  4- 6 |  7- 9 || total
---------------------------+-------+-------+-------++-------
  Melee: Falchion          |   152 |   104 |    74 ||   330
         Punch             |       |     1 |       ||     1
  Throw: Dart              |       |     5 |       ||     5
  Evoke: Wand              |       |       |     2 ||     2
    Use: Potion            |       |       |     1 ||     1
   Stab: Sleeping          |     9 |       |       ||     9
         Distracted        |     1 |       |       ||     1
 Armour: Robe              |    26 |    28 |       ||    54
         Ring mail         |       |     9 |     9 ||    18
         Scale mail        |       |       |    37 ||    37
  Dodge: Dodged            |   103 |    74 |    46 ||   223

Table legend: (Time is in decaauts)
 A = Elapsed time spent in this place.
 B = Non-inter-level travel time spent in this place.
 C = Inter-level travel time spent in this place.
 D = Time resting spent in this place.
 E = Time spent auto-exploring this place.
 F = Levels seen in this place.
 G = Mean time per level.
                   A        B        C        D        E       F      G
               +--------+--------+--------+--------+--------+-----+--------+
         Total |   3585 |   3416 |    169 |     68 |   2527 |   5 |  717.0 |
       Dungeon |   3585 |   3416 |    169 |     68 |   2527 |   5 |  717.0 |
               +--------+--------+--------+--------+--------+-----+--------+

Top non-repeatable levels by time:
     D:1: 1177 daAuts
     D:3: 786 daAuts
     D:2: 754 daAuts
     D:4: 590 daAuts
     D:5: 276 daAuts
